 Dungeon Crawl Stone Soup version 0.25-a0-576-g50b708a4c4 (webtiles) character file.

Game seed: 14167650072940079794, levelgen mode: deterministic

429 ReteAZ the Thaumaturge (level 6, -20/44 HPs)
             Began as a Gnoll Wanderer on Mar 1, 2020.
             Was a Believer of Cheibriados.
             Demolished by an ogre
             ... wielding a cursed -3 giant spiked club
              (25 damage)
             ... on level 4 of the Dungeon.
             The game lasted 00:11:53 (3499 turns).

ReteAZ the Thaumaturge (Gnoll Wanderer)             Turns: 3499, Time: 00:11:54

Health: -20/44     AC:  4    Str: 21    XL:     6   Next: 98%
Magic:  10/18      EV: 13    Int: 22    God:    Cheibriados [**....]
Gold:   140        SH:  0    Dex: 17    Spells: 19/24 levels left

rFire    . . .     SeeInvis .     - Unarmed
rCold    . . .     Gourm    .   (no shield)
rNeg     . . .     Faith    .   d - +0 robe
rPois    .         Spirit   .   D - +0 helmet
rElec    .         Reflect  .   (no cloak)
rCorr    .         Harm     .   C - +0 pair of gloves
MR       .....                  (no boots)
Stlth    +++.......             (no amulet)
HPRegen  0.14/turn              (no ring)
MPRegen  0.16/turn              (no ring)

@: very slow
A: distributed training, fangs 1, strong nose
a: Bend Time, Renounce Religion


You were on level 4 of the Dungeon.
You worshipped Cheibriados.
Cheibriados was pleased with you.
You were not hungry.

You visited 1 branch of the dungeon, and saw 4 of its levels.
You also visited: Sewer.

You collected 140 gold pieces.

Inventory:

Hand Weapons
 a - a +0 club
 f - a +0 dagger
 n - a +2 spear of flaming
Missiles
 p - 6 boomerangs (quivered)
 y - 7 silver boomerangs
 z - 8 poisoned darts
Armour
 d - a +0 robe (worn)
 w - a +2 scale mail of cold resistance
 C - a +0 pair of gloves (worn)
 D - a +0 helmet (worn)
Wands
 B - a wand of polymorph (12)
Scrolls
 c - 4 scrolls of teleportation
 i - a scroll of fog {unknown}
 k - a scroll of blinking {unknown}
 l - a scroll of identify {unknown}
 m - 2 scrolls of enchant weapon {unknown}
 o - a scroll of noise {unknown}
 s - 2 scrolls of magic mapping {unknown}
 t - a scroll of amnesia {unknown}
 u - 2 scrolls of fear {unknown}
 v - a scroll of enchant armour {unknown}
 x - 3 scrolls of remove curse {unknown}
Potions
 b - 2 potions of might {unknown}
 e - a potion of curing {unknown}
 h - a potion of mutation {unknown}
 j - 3 potions of flight {unknown}
 q - a potion of haste {unknown}
 r - 2 potions of heal wounds {unknown}
Comestibles
 g - 8 rations


   Skills:
 + Level 2.1 Fighting
 + Level 2.1 Short Blades
 + Level 2.1 Long Blades
 + Level 2.1 Axes
 + Level 2.1 Maces & Flails
 + Level 2.1 Polearms
 + Level 2.1 Staves
 + Level 2.1 Slings
 + Level 2.1 Bows
 + Level 2.1 Crossbows
 + Level 2.1 Throwing
 + Level 2.1 Armour
 + Level 2.1 Dodging
 + Level 4.7 Stealth
 + Level 2.1 Shields
 + Level 2.1 Unarmed Combat
 + Level 9.5 Spellcasting
 + Level 1.7 Conjurations
 + Level 1.7 Hexes
 + Level 1.7 Charms
 + Level 1.7 Summonings
 + Level 1.7 Necromancy
 + Level 2.7 Translocations
 + Level 1.7 Transmutations
 + Level 4.2 Fire Magic
 + Level 1.7 Ice Magic
 + Level 1.7 Air Magic
 + Level 1.7 Earth Magic
 + Level 2.7 Poison Magic
 + Level 2.3 Invocations
 + Level 2.1 Evocations


You had 19 spell levels left.
You knew the following spells:

 Your Spells              Type           Power        Failure   Level  Hunger
a - Foxfire               Conj/Fire      ###.         1%          1    None
b - Beastly Appendage     Tmut           ###...       3%          1    None
c - Conjure Flame         Conj/Fire      ###.....     5%          3    None

Your spell library contained the following spells:

 Spells                   Type           Power        Failure   Level  Hunger
 Inner Flame              Hex/Fire       ###.....     5%          3    None
 Ignite Poison            Fire/Tmut/Pois ###.....     6%          3    None
 Sticky Flame             Conj/Fire      ###.....     19%         4    ##.....
 Fireball                 Conj/Fire      ###.......   45%         5    ####...


Dungeon Overview and Level Annotations

Branches:
Dungeon (4/15)              Sewer (visited)
 Temple: D:4-7

Altars:
Cheibriados
Nemelex Xobeh
Okawaru
Vehumet
The Shining One


Innate Abilities, Weirdness & Mutations

Your experience applies equally to all skills.
You have very sharp teeth.
Your uncanny sense of smell can sniff out nearby items.


Message History

The ogre is severely wounded.
Casting: Foxfire (safe; 1% risk of failure)
Confirm with . or Enter, or press ? or * to list all spells.
The fire begins to smolder!
The ogre smothers the flame.
The ogre misses you. The ogre closely misses you. The ogre barely misses you.
The ogre closely misses you.
The ogre hits you with a cursed -3 giant spiked club!
* * * LOW HITPOINT WARNING * * *
The ogre hits you with a cursed -3 giant spiked club!
* * * LOW HITPOINT WARNING * * *
Found 16 gold pieces.
Found 27 stones.
The ogre barely misses you. The ogre barely misses you.
The ogre hits you with a cursed -3 giant spiked club!!
Ouch! That really hurt!
You die...

..........#∆##..# .#
#..........###...##..#
#....................#
#..........###.##.#..#
#..........# #......#
#.........$# #.######
#..........# #.#
#..(...O...# #.#
#......@...# #.#
##.######### #.# #.
#.# #. #.# #. #.#
######. #.#
.......###########.#
#<...........#
############.#


You could see an ogre.

Vanquished Creatures
  2 big kobolds (Sewer)
  A howler monkey (D:4)
  A hound (D:4)
  An orc wizard (D:3)
  7 adders
  6 oozes
  7 worms
  2 dart slugs
  2 leopard geckos (D:1)
  4 orcs (D:3)
  5 giant cockroaches
  5 goblins
  2 hobgoblins
  7 jackals
  A quokka (D:2)
  6 ball pythons (Sewer)
  10 bats
  5 frilled lizards
  6 kobolds
  9 rats
89 creatures vanquished.

Vanquished Creatures (others)
  228 foxfires
228 creatures vanquished.

Grand Total: 317 creatures vanquished

Notes
Turn   | Place    | Note
-------+----------+-------------------------------------------
     0 | D:1      | Reached skill level 9 in Spellcasting
     0 | D:1      | ReteAZ the Gnoll Wanderer began the quest for the Orb.
     0 | D:1      | ReteAZ set off with the following items: a +0 club, a
                  | scroll of teleportation, a +0 robe, a +0 dagger, a ration;
                  | and the following spells available to memorise: Foxfire,
                  | Beastly Appendage, Conjure Flame, Ignite Poison, Inner
                  | Flame, Sticky Flame, Fireball
     0 | D:1      | Reached XP level 1. HP: 13/13 MP: 10/10
     3 | D:1      | Learned a level 1 spell: Foxfire
     5 | D:1      | Learned a level 1 spell: Beastly Appendage
   208 | D:1      | Reached XP level 2. HP: 15/19 MP: 10/12
   769 | D:2      | Reached XP level 3. HP: 25/25 MP: 8/13
   823 | D:2      | Found a snail-covered altar of Cheibriados.
   827 | D:2      | Became a worshipper of Cheibriados the Contemplative
   860 | D:2      | Found a radiant altar of Vehumet.
   902 | D:2      | Reached skill level 1 in Invocations
  1137 | D:2      | Reached skill level 1 in Fighting
  1137 | D:2      | Reached skill level 1 in Short Blades
  1137 | D:2      | Reached skill level 1 in Long Blades
  1137 | D:2      | Reached skill level 1 in Axes
  1137 | D:2      | Reached skill level 1 in Maces & Flails
  1137 | D:2      | Reached skill level 1 in Polearms
  1137 | D:2      | Reached skill level 1 in Staves
  1137 | D:2      | Reached skill level 1 in Slings
  1137 | D:2      | Reached skill level 1 in Bows
  1137 | D:2      | Reached skill level 1 in Crossbows
  1137 | D:2      | Reached skill level 1 in Throwing
  1137 | D:2      | Reached skill level 1 in Armour
  1137 | D:2      | Reached skill level 1 in Dodging
  1137 | D:2      | Reached skill level 1 in Shields
  1137 | D:2      | Reached skill level 1 in Unarmed Combat
  1137 | D:2      | Reached skill level 1 in Evocations
  1711 | D:3      | Found an iron altar of Okawaru.
  1712 | D:3      | Reached XP level 4. HP: 32/32 MP: 15/15
  1728 | D:3      | Found a glowing golden altar of the Shining One.
  1854 | D:3      | Reached skill level 1 in Conjurations
  1854 | D:3      | Reached skill level 1 in Hexes
  1854 | D:3      | Reached skill level 1 in Charms
  1854 | D:3      | Reached skill level 1 in Summonings
  1854 | D:3      | Reached skill level 1 in Necromancy
  1854 | D:3      | Reached skill level 1 in Transmutations
  1854 | D:3      | Reached skill level 1 in Ice Magic
  1854 | D:3      | Reached skill level 1 in Air Magic
  1854 | D:3      | Reached skill level 1 in Earth Magic
  1928 | D:3      | Reached * piety under Cheibriados
  1933 | D:3      | Learned a level 3 spell: Conjure Flame
  1950 | D:3      | Found a glowing drain.
  1969 | D:3      | Reached XP level 5. HP: 25/37 MP: 8/16
  2025 | Sewer    | Entered a sewer
  2466 | Sewer    | Noticed a big kobold
  2477 | Sewer    | Killed a big kobold
  2548 | Sewer    | Reached XP level 6. HP: 43/44 MP: 15/18
  2760 | Sewer    | Reached ** piety under Cheibriados
  3367 | D:3      | Found a sparkling altar of Nemelex Xobeh.
  3499 | D:4      | Demolished by an ogre

Levels and vault maps discovered:
D:1:      beargit_arrival_greenhouse, layout_loops_ring, hex_tiny
D:2:      layout_loops_cross, marbit_many_paths, nicolae_overflow_crystal_walls
D:3:      layout_loops_ring, overflow_temple_1_default,
          lemuel_coloured_pillars_altar, overflow_temple_1_default,
          gup_sewer_entry_glass, first_ration
D:4:      minmay_polygon_palace, layout_basic, nicolae_overflow_hidden_temple,
          minmay_cupped

Skill      XL: |  1  2  3  4  5  6 |
---------------+-------------------+-----
Spellcasting   | |  9.5
Translocations | 2 |  2.7
Poison Magic   | 2 |  2.7
Invocations    | 1 2 |  2.3
Fighting       | 1 2 |  2.1
Short Blades   | 1 2 |  2.1
Long Blades    | 1 2 |  2.1
Axes           | 1 2 |  2.1
Maces & Flails | 1 2 |  2.1
Polearms       | 1 2 |  2.1
Staves         | 1 2 |  2.1
Slings         | 1 2 |  2.1
Bows           | 1 2 |  2.1
Crossbows      | 1 2 |  2.1
Throwing       | 1 2 |  2.1
Armour         | 1 2 |  2.1
Dodging        | 1 2 |  2.1
Shields        | 1 2 |  2.1
Unarmed Combat | 1 2 |  2.1
Evocations     | 1 2 |  2.1
Conjurations   | 1 |  1.7
Hexes          | 1 |  1.7
Charms         | 1 |  1.7
Summonings     | 1 |  1.7
Necromancy     | 1 |  1.7
Transmutations | 1 |  1.7
Ice Magic      | 1 |  1.7
Air Magic      | 1 |  1.7
Earth Magic    | 1 |  1.7
Fire Magic     | 4 |  4.2
Stealth        | |  4.7

Action                   |  1- 3 |  4- 6 || total
-------------------------+-------+-------++-------
Melee: Unarmed           |    32 |    69 ||   101
       Kick              |     2 |    12 ||    14
       Bite              |     1 |    10 ||    11
 Cast: Foxfire           |    62 |   108 ||   170
       Beastly Appendage |     2 |     3 ||     5
       Conjure Flame     |       |     5 ||     5
 Stab: Sleeping          |     1 |     1 ||     2
  Eat: Chunk             |     3 |     3 ||     6
Armor: Robe              |    11 |     9 ||    20
Dodge: Dodged            |    23 |    49 ||    72

Table legend:
 A = Non-vault XP
 B = Vault XP
 C = Vault XP percentage of total XP
 D = Non-vault monster count
 E = Vault monster count
 F = Vault count percentage of total count
                 A         B        C        D         E       F
            +---------+---------+-------+---------+---------+-------
      Total |     251 |     363 |  59.1 |      55 |      34 |  38.2
            +---------+---------+-------+---------+---------+-------
        D:1 |      26 |       0 |   0.0 |      16 |       0 |   0.0
        D:2 |      48 |       7 |  12.7 |      16 |       1 |   5.9
        D:3 |      79 |      32 |  28.8 |      21 |       5 |  19.2
        D:4 |      98 |       0 |   0.0 |       2 |       0 |   0.0
      Sewer |       0 |     324 | 100.0 |       0 |      28 | 100.0
            +---------+---------+-------+---------+---------+-------
